 Dungeon Crawl Stone Soup version 0.22-a0-580-gd5db89c (webtiles) character file.

76 wellist the Skirmisher (level 4, -6/41 HPs)
             Began as a Hill Orc Fighter on July 3, 2018.
             Killed by divine providence
             ... invoked by an orc priest
              (12 damage)
             ... on level 2 of the Dungeon.
             The game lasted 00:04:32 (1073 turns).

wellist the Skirmisher (Hill Orc Fighter)           Turns: 1073, Time: 00:04:33

Health: -6/41      AC:  8    Str: 19    XL:     4   Next: 32%
Magic:  4/4        EV:  7    Int:  8    God:
Gold:   76         SH:  9    Dex: 10    Spells: 3/3 levels left

rFire    . . .     SeeInvis .   a - +0 war axe
rCold    . . .     Gourm    .   c - +0 shield
rNeg     . . .     Faith    .   b - +0 scale mail
rPois    .         Spirit   .   (no helmet)
rElec    .         Reflect  .   (no cloak)
rCorr    .         Harm     .   (no gloves)
MR       .....                  h - +0 pair of boots
Stlth    ..........             (no amulet)
HPRegen  0.13/turn              (no ring)
MPRegen  0.09/turn              (no ring)

@: no status effects
A: no striking features
a: Convert to Beogh


You were on level 2 of the Dungeon.
You were hungry.

You visited 1 branch of the dungeon, and saw 2 of its levels.

You collected 76 gold pieces.

Inventory:

Hand Weapons
 a - a +0 war axe (weapon)
Armour
 b - a +0 scale mail (worn)
 c - a +0 shield (worn)
 h - a +0 pair of boots (worn)
Scrolls
 j - a scroll of remove curse {unknown}
 k - a scroll of teleportation {unknown}
 l - a scroll of enchant armour {unknown}
Potions
 d - a potion of might
 e - a potion of resistance {unknown}
 i - 2 potions of lignification {unknown}
Comestibles
 f - 2 rations


   Skills:
 * Level 4.4 Fighting
 * Level 3.6 Axes
 * Level 4.1 Armour
 + Level 3.8 Shields


You had 3 spell levels left.
You didn't know any spells.
Your spell library was empty.

Dungeon Overview and Level Annotations

Branches:
Dungeon (2/15)

Altars:

Annotations:
D:2 1 exclusion, Sigmund


Message History

The orc priest invokes the aid of Beogh against you.
Beogh smites you!
* * * LOW HITPOINT WARNING * * *
The orc barely misses you.
An orc comes into view. It is wielding a dagger.
The orc shouts!
You slash the orc!
You kill the orc!
The orc priest completely misses you.
Items here: $ ))))) [[[ †† You slash the orc priest!
The orc priest threatens, "By the altar or by the axe, you will meet Beogh!"
The orc priest is almost dead.
The orc priest looks braver for a moment.
The orc priest casts a cantrip, but nothing happens.
You completely miss the orc priest.
The orc priest is almost dead.
The orc priest mumbles some strange prayers to Beogh against you.
Beogh smites you!
You die...

.......#.##..#'#
.............#.#
..............[#
..8...........#
..............#
####...#'#....###
........o#......#
........#o...##.#######
##......#@##..........#
#......#.##).#.#####.#
........#.##..#.#...†.#
######.##.....#.#.#####
#. #####.#<#.# #.
........#)###
.########...######
#...........)
#.####.#####.


You could see an orc priest and an orc.

Vanquished Creatures
  An orc wizard (D:2)
  An adder (D:2)
  A dart slug (D:2)
  4 leopard geckos (D:1)
  3 orcs (D:2)
  2 giant cockroaches
  6 goblins (D:1)
  4 hobgoblins (D:1)
  5 kobolds
  A bat (D:1)
  2 frilled lizards (D:2)
  A rat (D:1)
31 creatures vanquished.

Notes
Turn   | Place    | Note
-------+----------+-------------------------------------------
     0 | D:1      | wellist the Hill Orc Fighter began the quest for the Orb.
     0 | D:1      | Reached XP level 1. HP: 19/19 MP: 1/1
   305 | D:1      | Reached XP level 2. HP: 27/27 MP: 2/2
   458 | D:1      | Reached XP level 3. HP: 33/33 MP: 3/3
   789 | D:2      | Noticed Sigmund
  1055 | D:2      | Reached XP level 4. HP: 30/41 MP: 4/4
  1073 | D:2      | Killed from afar by an orc priest

Vault maps used:
D:1:      lightli_arrival_maybe_door_vault
D:2:      cheibrodos_pilgrimage, grunt_temple_overflow_order_and_chaos_2,
          uniq_sigmund

Skill      XL: |  1  2  3 |
---------------+----------+-----
Axes           | 3 |  3.6
Fighting       | 4 |  4.4
Armour         | 4 |  4.1
Shields        | |  3.8

Action                   |  1- 3 |  4- 6 || total
-------------------------+-------+-------++-------
Melee: War axe           |    86 |    17 ||   103
Armor: Scale mail        |    36 |     3 ||    39
Dodge: Dodged            |    19 |     6 ||    25
Block: Shield            |    44 |     4 ||    48

Table legend:
 A = Spawn XP
 B = Non-spawn XP
 C = Spawn XP percentage of total XP
 D = Spawn monster count
 E = Non-spawn monster count
 F = Spawn count percentage of total count
 G = Total turns spent on level
                    A         B        C        D         E        F      G
               +---------+---------+-------+---------+---------+-------+---------
         Total |       0 |     109 |   0.0 |       0 |      31 |   0.0 |  1073
               +---------+---------+-------+---------+---------+-------+---------
           D:1 |       0 |      42 |   0.0 |       0 |      21 |   0.0 |   876
           D:2 |       0 |      67 |   0.0 |       0 |      10 |   0.0 |   197
               +---------+---------+-------+---------+---------+-------+---------
